Cogmind - Beta 13 @@@ ROGUE MODE // 2024.07.27 @ 20:00:58 Player: Sgt. SmokeWeed Result: Destroyed by L-41 Fighter with Axe Performance ------------- Evolutions (5) 2500 Regions Visited (9) 1800 Robots Destroyed (43) 215 Value Destroyed (1376) 1376 Prototype IDs (1) 20 Alien Tech Used (0) 0 Bonus (165) 165 TOTAL SCORE: 6076 Bonus ------- Follower Combat Kills 215 Friendly Fire -50 Cogmind --------- Core Integrity 0/1000 Matter 278/300 Energy 23/100 System Corruption 7% Temperature Cool (80) Movement Core (100) Ox1 Location -5/Upper Caves Parts ------- > --- POWER (1) -------- (None) > --- PROPULSION (4) --- (None) > --- UTILITY (8) ------ Improved Hacking Suite > --- WEAPON (4) ------- Wave Gun > --- INVENTORY (5) ---- (None) Peak State ------------ > --- POWER ------------ Light Fission Core > --- PROPULSION ------- Light Treads Light Treads Armored Treads Armored Treads > --- UTILITY ---------- Improved Heat Sink Improved Heat Sink Medium Matter Pod Hacking Suite Hacking Suite Improved Hacking Suite > --- WEAPON ----------- Autogun Autogun Gauss Rifle KE Penetrator > --- INVENTORY -------- Light Deuterium Engine Light Treads Light Treads Light Treads [Rating: 45] Favorites ----------- Power Light Nuclear Core Engine Improved Deuterium Engine Power Core Light Nuclear Core Propulsion Light Treads Treads Light Treads Utility Improved Heat Sink Device Improved Heat Sink Storage Medium Matter Pod Processor Targeting Computer Hackware Hacking Suite Weapon Autogun Energy Gun Particle Gun Energy Cannon Beam Cannon Ballistic Gun Autogun Launcher Grenade Launcher Build | -11 -10 -10 -10 -9 -8 -7 -6 -5 -5 ------- Run | Yrd Mat Min Exi Min Mat Fac Fac Fac Upp Slots Evolved 10 | . . . . . 4 2 2 2 . Power . | . . . . . . . . . . Propulsion 2 | . . . . . . . 2 . . Utility 6 | . . . . . 2 2 . 2 . Weapon 2 | . . . . . 2 . . . . Parts Attached 52 | 5 11 . . . 12 4 9 3 8 Power 7 | 1 1 . . . 2 1 1 . 1 Engine 5 | 1 . . . . 2 1 . . 1 Core 2 | . 1 . . . . . 1 . . Reactor . | . . . . . . . . . . Propulsion 17 | 2 2 . . . 2 . 6 . 5 Treads 17 | 2 2 . . . 2 . 6 . 5 Leg . | . . . . . . . . . . Wheel . | . . . . . . . . . . Hover . | . . . . . . . . . . Flight . | . . . . . . . . . . Utility 9 | . 3 . . . 2 2 1 1 . Device 3 | . 2 . . . . . . 1 . Storage 2 | . . . . . 2 . . . . Processor 1 | . 1 . . . . . . . . Hackware 3 | . . . . . . 2 1 . . Protection . | . . . . . . . . . . Artifact . | . . . . . . . . . . Weapon 19 | 2 5 . . . 6 1 1 2 2 Energy Gun 8 | 1 3 . . . 3 . . . 1 Energy Cannon 1 | . 1 . . . . . . . . Ballistic Gun 9 | 1 . . . . 3 1 1 2 1 Ballistic Cannon . | . . . . . . . . . . Launcher 1 | . 1 . . . . . . . . Special Weapon . | . . . . . . . . . . Impact Weapon . | . . . . . . . . . . Slashing Weapon . | . . . . . . . . . . Piercing Weapon . | . . . . . . . . . . Special Melee Weapon . | . . . . . . . . . . Unidentified Prototypes 1 | . . . . . 1 . . . . Corrupted Parts 1 | . . . . . . . . . 1 System Corruption 1 | . . . . . . . . . 1 Parts Lost 30 | . 2 . . . 1 1 5 12 9 Power 4 | . . . . . 1 . 1 1 1 Propulsion 11 | . 1 . . . . . 2 4 4 Utility 6 | . 1 . . . . . . 2 3 Weapon 9 | . . . . . . 1 2 5 1 Highest Loss Streak 11 | . 1 . . . 1 1 3 11 9 To Critical Strikes . | . . . . . . . . . . Average Slot Usage (%) 88 | . 80 100 100 100 83 94 98 72 31 Engine 4 | . 6 . . . 7 7 4 . 1 Core 4 | . 7 14 14 14 . . 1 4 . Treads 21 | . 20 28 28 28 18 15 25 18 9 Device 16 | . 13 28 28 28 18 15 13 9 . Storage 6 | . . . . . 4 15 11 5 4 Hackware 6 | . . . . . . 10 14 17 12 Energy Gun 3 | . 12 . . . 9 . . . . Energy Cannon 4 | . 4 14 14 14 5 . . . . Ballistic Gun 13 | . 6 . . . 10 27 25 14 . Launcher 5 | . 4 14 14 14 9 2 . . . Naked Turns . | . . . . . . . . . . Heaviest Build 28 | 7 13 13 13 13 23 28 28 26 7 Greatest Support 80 | 40 40 40 40 40 40 40 80 80 60 Greatest Overweight (x) . | . . . . . . . . . . Average Overweight (x) . | . . . . . . . . . . Largest Inventory Capacity 5 | 5 5 5 5 5 5 5 5 5 5 Average Capacity 5 | 5 5 5 5 5 5 5 5 5 5 Most Carried 5 | . 3 3 3 3 5 5 4 4 3 Average Carried 3 | . . 3 3 3 4 4 3 4 . Final Capacity 5 | 5 5 5 5 5 5 5 5 5 5 Final Carried 5 | . 3 3 3 3 5 5 4 4 . Class Distribution -------------------- 39% | Scavenger-Gunner 25% | Scavenger-Mutant 20% | Scavenger-Bomber 10% | Mutant 3% | Hacker-Mutant Dominant Class ---------------- Mutant | -10/Materials Scavenger-Mutant | -10/Mines Scavenger-Mutant | -10/Exiles Scavenger-Mutant | -9/Mines Scavenger-Bomber | -8/Materials Scavenger-Gunner | -7/Factory Scavenger-Gunner | -6/Factory Scavenger-Gunner | -5/Factory Hacker-Mutant | -5/Upper Caves Resources | -11 -10 -10 -10 -9 -8 -7 -6 -5 -5 ----------- Run | Yrd Mat Min Exi Min Mat Fac Fac Fac Upp Matter Collected 1734 | 241 128 . . 49 307 244 440 325 . Remotely . | . . . . . . . . . . Salvage Created 1622 | . 397 . . 35 192 144 814 40 . Parts 100 | . 41 . . 2 12 11 28 6 . Haulers Intercepted 2 | . 1 . . . 1 . . . . Recyclers Shooed 6 | . 1 . . . . 1 3 1 . Parts Field Recycled . | . . . . . . . . . . Retrieved Matter . | . . . . . . . . . . Parts Self-Destructed . | . . . . . . . . . . Prevented 3 | . . . . . . . . . 3 Kills | -11 -10 -10 -10 -9 -8 -7 -6 -5 -5 ------- Run | Yrd Mat Min Exi Min Mat Fac Fac Fac Upp Combat Hostiles Destroyed 25 | . 9 . . 1 4 2 9 . . Guns 18 | . 7 . . . . 2 9 . . Cannons 3 | . 2 . . . 1 . . . . AOE 4 | . . . . 1 3 . . . . Classes Destroyed 13 | . 6 . . 1 2 2 2 . . Worker 3 | . 1 . . . 1 1 . . . Builder 4 | . 3 . . . . . . 1 . Tunneler 1 | . . . . 1 . . . . . Hauler 2 | . 1 . . . 1 . . . . Recycler 2 | . . . . . . . 2 . . Operator 2 | . . . . . 1 1 . . . Watcher 4 | . 2 . . . 1 . . 1 . Swarmer 3 | . 3 . . . . . . . . Grunt 12 | . 6 . . 1 3 . 2 . . Brawler 1 | . . . . . . . 1 . . Duelist 1 | . . . . . 1 . . . . Hunter 4 | . . . . . . 1 3 . . Programmer 4 | . . . . . . 1 3 . . Best Kill Streak 6 | . 6 . . 2 4 1 3 1 . Combat Bots Only 4 | . 4 . . 1 3 1 3 . . Max Kills in Single Turn 3 | . 3 . . 2 2 1 1 1 . Gunslinging . | . . . . . . . . . . Exploded 1 | . . . . 1 1 . . . . Melee . | . . . . . . . . . . Uniques/NPCs Destroyed . | . . . . . . . . . . Combat | -11 -10 -10 -10 -9 -8 -7 -6 -5 -5 -------- Run | Yrd Mat Min Exi Min Mat Fac Fac Fac Upp Hostile Shots Fired 359 | . 77 . . . 27 20 91 69 75 Missed 108 | . 25 . . . 13 7 21 20 22 Damage Taken 4871 | . 647 . . . 236 200 1266 1277 1245 Core 1299 | . 142 . . . 15 15 117 397 613 Absorbed by Shields . | . . . . . . . . . . Core Remaining (%) 84 | 100 . . . 43 97 97 86 . . Volleys Fired 145 | . 44 . . 1 21 12 41 16 10 Largest 4 | . 2 . . 2 4 4 4 4 1 Hottest 220 | . 130 . . 90 220 99 92 107 81 Shots Fired 387 | . 75 . . 2 48 42 160 49 11 Gun 338 | . 53 . . . 24 41 160 49 11 Cannon 34 | . 17 . . 1 16 . . . . Launcher 15 | . 5 . . 1 8 1 . . . Special . | . . . . . . . . . . Kinetic 275 | . 18 . . . . 41 160 49 7 Thermal 97 | . 52 . . 1 40 . . . 4 Explosive 15 | . 5 . . 1 8 1 . . . Electromagnetic . | . . . . . . . . . . Robot Hit Streak 12 | . 4 . . 1 5 5 12 8 3 Robot Miss Streak 5 | . 4 . . 1 2 3 5 3 1 Penetration Max 1 | . . . . . . . . 1 . Secondary Targets 4 | . 3 . . . . . 1 . . Max Gunslinging Chain 1 | . 1 . . . . . 1 . . Shots Hit Robots 214 | . 38 . . 1 22 18 94 33 8 Core Hits 102 | . 26 . . 3 19 8 34 10 2 Critical Kills 1 | . . . . . . . 1 . . Critical Parts Destroyed 1 | . . . . . . . 1 . . Critical Strikes 2 | . . . . . . . 2 . . Destroy 2 | . . . . . . . 2 . . Melee Attacks . | . . . . . . . . . . Impact . | . . . . . . . . . . Slashing . | . . . . . . . . . . Piercing . | . . . . . . . . . . Sneak Attacks . | . . . . . . . . . . Combat Hostiles . | . . . . . . . . . . Follow-up Attacks . | . . . . . . . . . . Damage Inflicted 4543 | . 837 3 . 99 869 294 1637 635 169 Guns 3022 | . 430 . . . 148 215 1428 632 169 Cannons 335 | . 159 . . . 176 . . . . Explosions 1162 | . 247 . . 99 545 69 202 . . Melee . | . . . . . . . . . . Ramming 24 | . 1 3 . . . 10 7 3 . Kinetic 2462 | . 91 . . . . 215 1428 632 96 Thermal 895 | . 498 . . . 324 . . . 73 Explosive 1162 | . 247 . . 99 545 69 202 . . Electromagnetic . | . . . . . . . . . . Impact . | . . . . . . . . . . Slashing . | . . . . . . . . . . Piercing . | . . . . . . . . . . Highest Corruption 7 | . . . . . . . 2 1 7 Average Corruption 2 | . . . . . . . 1 1 2 Corruption Purged . | . . . . . . . . . . Corruption Blocked . | . . . . . . . . . . Effects 9 | . . . . . . . 7 . 2 Message Errors 2 | . . . . . . . 2 . . Matter Fused 1 | . . . . . . . 1 . . Heat Flow Errors 1 | . . . . . . . . . 1 Energy Discharges 1 | . . . . . . . 1 . . Parts Rejected 1 | . . . . . . . . . 1 Data Loss (minor) 1 | . . . . . . . 1 . . Alerts 1 | . . . . . . . 1 . . Weapon Failures 1 | . . . . . . . 1 . . Overload Shots . | . . . . . . . . . . Overflow Damage 48 | . . . . . 13 . 35 . . Projectiles . | . . . . . . . . . . Explosions 48 | . . . . . 13 . 35 . . Melee . | . . . . . . . . . . Knockbacks . | . . . . . . . . . . Impact . | . . . . . . . . . . Kinetic . | . . . . . . . . . . Secondary . | . . . . . . . . . . Self-Inflicted Damage 204 | . 35 . . . 11 . 158 . . Shots 5 | . 2 . . . 1 . 2 . . Rammed 10 | . 1 2 . . . 5 1 1 . Targets Rammed 10 | . 1 2 . . . 5 1 1 . Kicked . | . . . . . . . . . . Crushed . | . . . . . . . . . . Highest Temperature 266 | . 266 . . . 72 . 6 . 258 Average Temperature 93 | . 119 . . . 32 . 6 . 87 Received Heat Transfer 633 | . 312 . . . 81 . 78 54 108 Siege Activations . | . . . . . . . . . . Robots Corrupted . | . . . . . . . . . . Combat Hostiles . | . . . . . . . . . . Parts Fried . | . . . . . . . . . . Impact Corruptions . | . . . . . . . . . . Robots Melted . | . . . . . . . . . . Combat Hostiles . | . . . . . . . . . . Parts Melted 2 | . 1 . . . 1 . . . . Heat Transferred 1966 | . 1152 . . . 703 . . . 111 Parts Sabotaged . | . . . . . . . . . . Parts Stolen . | . . . . . . . . . . Parts Stripped . | . . . . . . . . . . Power Chain Reactions . | . . . . . . . . . . Alert | -11 -10 -10 -10 -9 -8 -7 -6 -5 -5 ------- Run | Yrd Mat Min Exi Min Mat Fac Fac Fac Upp Peak Influence 350 | . 210 44 . 82 350 138 287 118 . Initial 76 | . . 44 . . 31 67 14 76 . Average 106 | . 89 44 . 3 210 103 96 80 . Maximum Alert Level 1 | . 1 . . . 1 . 1 . . Low Security (%) 83 | 100 87 100 . 100 52 100 80 100 . Level 1 16 | . 12 . . . 47 . 19 . . Level 2 . | . . . . . . . . . . Level 3 . | . . . . . . . . . . Level 4 . | . . . . . . . . . . Level 5 . | . . . . . . . . . . High Security . | . . . . . . . . . . Max Security . | . . . . . . . . . . Squads Dispatched 15 | . 2 . . . 1 2 6 4 . Investigation 1 | . . . . . . . 1 . . Extermination 3 | . . . . . . 1 2 . . Reinforcement 11 | . 2 . . . 1 1 3 4 . Assault . | . . . . . . . . . . Garrison . | . . . . . . . . . . Intercept . | . . . . . . . . . . Searches Triggered . | . . . . . . . . . . Construction Impeded 1 | . . . . . . . 1 . . Haulers Reinforced 1 | . . . . . . . . 1 . Active Scanning Responses . | . . . . . . . . . . Cargo Convoy Interrupts . | . . . . . . . . . . Stealth | -11 -10 -10 -10 -9 -8 -7 -6 -5 -5 --------- Run | Yrd Mat Min Exi Min Mat Fac Fac Fac Upp Distress Signals 6 | . 2 . . . 2 1 . 1 . Communications Jammed . | . . . . . . . . . . Distress Signals . | . . . . . . . . . . Times Spotted 73 | . 17 . . 2 12 10 15 9 8 Peak Tracking Total 7 | . 5 . . 2 5 6 4 5 7 Tactical Retreats 3 | . . . . . . . 1 2 . Traps | -11 -10 -10 -10 -9 -8 -7 -6 -5 -5 ------- Run | Yrd Mat Min Exi Min Mat Fac Fac Fac Upp Traps Triggered 1 | . . . . . . . 1 . . Indirectly . | . . . . . . . . . . Trap Hack Attempts . | . . . . . . . . . . Triggered . | . . . . . . . . . . Disarmed . | . . . . . . . . . . Reprogrammed . | . . . . . . . . . . Reused . | . . . . . . . . . . Traps Extracted . | . . . . . . . . . . Installed . | . . . . . . . . . . Triggered . | . . . . . . . . . . Machines | -11 -10 -10 -10 -9 -8 -7 -6 -5 -5 ---------- Run | Yrd Mat Min Exi Min Mat Fac Fac Fac Upp Machines Disabled 6 | . 1 . . . . . 5 . . Max in Single Turn 4 | . 1 . . . . . 4 . . Machines Repaired . | . . . . . . . . . . Machines Dismantled . | . . . . . . . . . . Machines Sabotaged . | . . . . . . . . . . Overloaded Fab Kills . | . . . . . . . . . . Hacking | -11 -10 -10 -10 -9 -8 -7 -6 -5 -5 --------- Run | Yrd Mat Min Exi Min Mat Fac Fac Fac Upp Machines Accessed 3 | . 1 . . . 2 . . . . Terminals 3 | . 1 . . . 2 . . . . Fabricators . | . . . . . . . . . . Repair Stations . | . . . . . . . . . . Recycling Units . | . . . . . . . . . . Scanalyzers . | . . . . . . . . . . Garrison Access . | . . . . . . . . . . Total Hacks 6 | . 3 . . . 3 . . . . Successful 3 | . 1 . . . 2 . . . . Failed 3 | . 2 . . . 1 . . . . Catastrophic 1 | . . . . . 1 . . . . Database Lockouts . | . . . . . . . . . . Manual 2 | . . . . . 2 . . . . Terminals 6 | . 3 . . . 3 . . . . Fabricators . | . . . . . . . . . . Repair Stations . | . . . . . . . . . . Recycling Units . | . . . . . . . . . . Scanalyzers . | . . . . . . . . . . Garrison Access . | . . . . . . . . . . Terminal Hacks 3 | . 1 . . . 2 . . . . Branch Access Points 1 | . 1 . . . . . . . . Hauler Manifests 1 | . . . . . 1 . . . . Registered Components 1 | . . . . . 1 . . . . Fabricator Hacks . | . . . . . . . . . . Repair Station Hacks . | . . . . . . . . . . Recycling Unit Hacks . | . . . . . . . . . . Scanalyzer . | . . . . . . . . . . Garrison Access Hacks . | . . . . . . . . . . Unauthorized Hacks . | . . . . . . . . . . Terminals . | . . . . . . . . . . Fabricators . | . . . . . . . . . . Repair Stations . | . . . . . . . . . . Recycling Units . | . . . . . . . . . . Scanalyzers . | . . . . . . . . . . Garrison Access . | . . . . . . . . . . Data Cores Recovered 1 | . . . . . . . 1 . . Used . | . . . . . . . . . . Hacking Detections 2 | . . . . . 2 . . . . Full Trace Events . | . . . . . . . . . . Feedback Events . | . . . . . . . . . . Feedback Blocked . | . . . . . . . . . . Robot Schematics Acquired . | . . . . . . . . . . Robots Built . | . . . . . . . . . . Authchips . | . . . . . . . . . . Time . | . . . . . . . . . . Total Robot Build Rating . | . . . . . . . . . . Part Schematics Acquired . | . . . . . . . . . . Parts Built . | . . . . . . . . . . Authchips . | . . . . . . . . . . Time . | . . . . . . . . . . Total Part Build Rating . | . . . . . . . . . . Parts Repaired . | . . . . . . . . . . Time . | . . . . . . . . . . Parts Recycled . | . . . . . . . . . . Recycled Matter . | . . . . . . . . . . Retrieved Matter . | . . . . . . . . . . Retrieved Components . | . . . . . . . . . . Parts Scanalyzed . | . . . . . . . . . . Part Schematics Acquired . | . . . . . . . . . . Parts Damaged . | . . . . . . . . . . Bothacking | -11 -10 -10 -10 -9 -8 -7 -6 -5 -5 ------------ Run | Yrd Mat Min Exi Min Mat Fac Fac Fac Upp Used RIF Installer . | . . . . . . . . . . Robots Hacked . | . . . . . . . . . . Non-combat . | . . . . . . . . . . Combat . | . . . . . . . . . . Robot Hacks Applied . | . . . . . . . . . . Relay Couplers Released 3 | . . . . . . 3 . . . Programmers 3 | . . . . . . 3 . . . Fabnet Peak Effective % . | . . . . . . . . . . Robots Rewired . | . . . . . . . . . . Allies Hacked . | . . . . . . . . . . Hacks Repelled . | . . . . . . . . . . Allies | -11 -10 -10 -10 -9 -8 -7 -6 -5 -5 -------- Run | Yrd Mat Min Exi Min Mat Fac Fac Fac Upp Total Allies 2 | . . . . 2 . . . . . Largest Group 2 | . . . . 2 2 1 . . . Highest-Rated Group 55 | . . . . 55 55 31 . . . Highest-Rated Ally 31 | . . . . 31 31 31 . . . Total Orders . | . . . . . . . . . . Ally Attacks 42 | . . . . 2 35 5 . . . Total Damage 625 | . . . . 21 521 83 . . . Kills 7 | . . . . 1 5 1 . . . Allies Corrupted . | . . . . . . . . . . Allies Melted . | . . . . . . . . . . Intel | -11 -10 -10 -10 -9 -8 -7 -6 -5 -5 ------- Run | Yrd Mat Min Exi Min Mat Fac Fac Fac Upp Robot Analysis Total . | . . . . . . . . . . Derelict Logs Recovered . | . . . . . . . . . . Drone Launches . | . . . . . . . . . . Drone Recoveries . | . . . . . . . . . . Exploration | -11 -10 -10 -10 -9 -8 -7 -6 -5 -5 ------------- Run | Yrd Mat Min Exi Min Mat Fac Fac Fac Upp Turns Passed 3784 | 64 470 45 426 303 642 472 927 307 128 Spaces Moved 2133 | 39 210 27 267 188 334 266 486 210 106 Core 150 | 4 . . . . . . . 82 64 Treads 1983 | 35 210 27 267 188 334 266 486 128 42 Legs . | . . . . . . . . . . Wheels . | . . . . . . . . . . Hover . | . . . . . . . . . . Flight . | . . . . . . . . . . Fastest Speed 50 | 50 160 160 160 160 160 160 160 50 50 Average Speed 153 | 148 160 160 160 160 160 160 163 120 94 Slowest Speed 170 | 160 160 160 160 160 160 160 165 165 170 Overloaded Moves . | . . . . . . . . . . Propulsion Burnouts . | . . . . . . . . . . Robots Hopped . | . . . . . . . . . . Cave-ins Triggered . | . . . . . . . . . . Exploration Rate (%) 24 | 3 43 15 62 37 30 13 17 7 17 Regions Visited 9 Branch Regions 4 Pre-discovered Areas . | . . . . . . . . . . Known Exits Taken 1 | . 1 . . . . . . . . Unknown Exits Taken 8 | 1 . 1 1 1 1 1 1 1 . Scrap Searched 1 | . . . . 1 . . . . . Spaces Dug . | . . . . . . . . . . Terrain Destroyed 123 | . 20 . . 6 52 5 38 2 . Melee . | . . . . . . . . . . Projectile 2 | . . . . . . . . 2 . AOE 121 | . 20 . . 6 52 5 38 . . Terrain Rammed . | . . . . . . . . . . Walls Destroyed . | . . . . . . . . . . Machines Disabled . | . . . . . . . . . . Actions | -11 -10 -10 -10 -9 -8 -7 -6 -5 -5 --------- Run | Yrd Mat Min Exi Min Mat Fac Fac Fac Upp Total 2389 | 43 270 28 266 188 401 288 548 233 124 Wait 43 | . . . . . 27 2 11 3 . Move 2124 | 38 209 26 266 187 333 265 485 209 106 Hop . | . . . . . . . . . . Pick Up 2 | . . . . . 2 . . . . Fast Attach 34 | 5 7 . . . 9 2 4 3 4 Attach 9 | . 1 . . . . 1 3 . 4 Detach 2 | . 2 . . . . . . . . Swap 9 | . 3 . . . 3 1 2 . . Drop 11 | . 3 . . . 6 . 1 1 . Fire 145 | . 44 . . 1 21 12 41 16 10 Melee . | . . . . . . . . . . Ram . | . . . . . . . . . . Kick . | . . . . . . . . . . Crush 10 | . 1 2 . . . 5 1 1 . Escape Stasis . | . . . . . . . . . . Rewire . | . . . . . . . . . . Trap . | . . . . . . . . . . Miscellaneous . | . . . . . . . . . . Route ------- -11/Scrapyard -10/Materials -10/Mines (discovered 2 exits: [*Mat] / *Exi) -10/Exiles (discovered 2 exits: [*Min x2]) -9/Mines -8/Materials -7/Factory -6/Factory -5/Factory -5/Upper Caves History --------- Turn | Location | Event 24 | -11/Scrapyard | Discovered new exit (range 16) 65 | -11/Scrapyard | Entered Materials 198 | -10/Materials | Discovered new exit (range 14) 416 | -10/Materials | Identified exit to Mines 511 | -10/Materials | Core integrity fell below 50% 535 | -10/Materials | Entered Mines 541 | -10/Mines | Met a Derelict bent on vengeance 547 | -10/Mines | Discovered new exit (range 12) 572 | -10/Mines | Deemed a non-threat by the Exiles lab entrance 574 | -10/Mines | Discovered new exit (range 5) 580 | -10/Mines | Entered Exiles 580 | -10/Exiles | Found Exiles lab destroyed 606 | -10/Exiles | Discovered new exit (range 15) 800 | -10/Exiles | Build established: Scavenger-Mutant 953 | -10/Exiles | Discovered new exit (range 10) 1006 | -10/Exiles | Entered Mines 1294 | -9/Mines | Discovered new exit (range 7) 1309 | -9/Mines | Entered Materials 1309 | -8/Materials | Accompanied by 2 allies 1309 | -8/Materials | Evolved 4 slots: Utility x2, Weapon x2 1314 | -8/Materials | Led the pair of lost Derelicts to an unsafe place 1658 | -8/Materials | Build established: Scavenger-Bomber 1876 | -8/Materials | Met 7R-MNS 1940 | -8/Materials | Discovered new exit (range 8) 1951 | -8/Materials | Entered Factory 1951 | -7/Factory | Accompanied by 1 ally 1951 | -7/Factory | Evolved 2 slots: Utility x2 1952 | -7/Factory | Caught up to 7R-MNS 2418 | -7/Factory | Discovered new exit (range 3) 2422 | -7/Factory | Build established: Scavenger-Gunner 2423 | -7/Factory | Entered another Factory area 2423 | -6/Factory | Evolved 2 slots: Propulsion x2 2424 | -6/Factory | Caught up to 7R-MNS 2763 | -6/Factory | Lost 3 parts (2n1w) 3131 | -6/Factory | Discovered new exit (range 6) 3350 | -6/Factory | Entered another Factory area 3350 | -5/Factory | Evolved 2 slots: Utility x2 3351 | -5/Factory | Caught up to 7R-MNS 3645 | -5/Factory | Lost 11 parts (1p4n2u4w) 3650 | -5/Factory | Discovered new exit (range 8) 3657 | -5/Factory | Entered Upper Caves 3700 | -5/Upper Caves | Lost 3 allies 3741 | -5/Upper Caves | Core integrity fell below 50% 3766 | -5/Upper Caves | Attracted the attention of an 0b10 outpost 3777 | -5/Upper Caves | Core integrity fell below 20% 3785 | -5/Upper Caves | Destroyed by L-41 Fighter with Axe Last Messages --------------- Acquired Arm. Treads. Y-72 Warden: "DETECTED UNIDENTIFIED DERELICT." P-70 Sage resets L-41 Fighter, system corruption cleaned. Penetrated by Slug. Slug penetrates Wall. Acquired Arm. Treads. Y-72 Warden: "REQUESTING BACKUP." Med. Matter Pod destroyed. Acquired Corrupted Wave Gun. Integrated Corrupted Wave Gun (+1). Complication: FCS attempts to trigger Wave Gun. Complication: Wave Gun misfires. L-41 Fighter destroyed. Destroyed Imp. Melee Analysis Suite. Arm. Treads destroyed. Penetrated by Slug. Slug penetrates Wall. P-70 Sage resets G-50 Soldier, system corruption cleaned. Arm. Treads destroyed. Slug penetrates Wall. Map ----- +----------------------------------------------------+ | ?????????????????????????????????????????????????? | | ?????????????????????????????????????????????????? | | ????????????????????????????????????????????? ?? | | ?????????????????????????????????????????????? ?? | | ??????????????????????????????????????????????# ? | | ?????????????????????????????????????????? ???? # | | ?????????????????????????????????????????? #??# | | ????????????????????????????????????????? ## | | ?????????????????????????????? ????????? | | ?????????????????????????????? ???????? | | ????????????????????????????## ???????? | | ?????????????????????????? ## ?????????? | | ?????????????????????????? ?????????????## | | ??????????????????????????? ??????????????## | | ??????????????????????????? #???????????????### | | ????????????????????????????# #?????????????????? | | ????????????????????????????# ##????????###???### | | ????????????????????????????# ##??????## #### | | ????????????????????????????# ##?##### | | ???????????????????????###### ### ## | | ????????????????????#### ##; ## ## | | ????????????????????#;# ##; #?## ### | | ???????????????????## ; ####"# ### | | ?????????????????### g ## | | ?????????????????# ! l %= ### ### #? | | ?????????????????## %@lg%=%% # "# #? | | ??????????????????## ! / ! Y # "# #? | | ???????????????????# # p # "# ## | | ???????????????????# ######## ## "# # | | ?????????????????? ######??????# # "# | | ???????????????? ????????????# #""""""# | | ?????????????? ## ?????????????# ######## | | ????????????? ??# #?????????????# | | ????????????? ??? #??????????????######## | | ???????????????? ??????????????????????## ## | | ??????????????? ###????????????????????????#### #? | | ??????????????????????????????????????????????###? | | ?????????????????????????????????????????????????? | | ?????????????????????????????????????????????????? | | ?????????????????????????????????????????????????? | | ?????????????????????????????????????????????????? | | ?????????????????????????????????????????????????? | | ?????????????????????????????????????????????????? | | ?????????????????????????????????????????????????? | | ?????????????????????????????????????????????????? | | ?????????????????????????????????????????????????? | | ?????????????????????????????????????????????????? | | ?????????????????????????????????????????????????? | | ?????????????????????????????????????????????????? | | ?????????????????????????????????????????????????? | +----------------------------------------------------+ Best States ------------- Heat Dissipation 68 Energy Generation 18 Energy Capacity 290 Matter Stores 500 Matter Capacity 500 Sight Range 16 Terrain Scan Density 10 Evasion (%) 50 Targeting Accuracy 5 Recoil Reduction 4 Offensive Hacking 32 Item Schematics ----------------- None Robot Schematics ------------------ None Fabricated ------------ Nothing Alien Tech Used ----------------- None Achievements -------------- None Challenges ------------ None Game ------ Seed CatalystNuclearGuard Manual? 0 Play Time 00:25:54 Cumulative 48.8 hours Start 2024.07.27 @ 19:36:39 End 2024.07.27 @ 20:00:58 Sessions 1 Manual Loads 0 Difficulty Rogue Special Mode None Game No. 108 Rogue 38 Adventurer 70 Explorer 0 Win Type - Total 0 Types 0/0/0/0/0/0/0/0/0 Lore% 34 Gallery% 36 Achievement% 30 Wizard Run 0 Options --------- Layout 0 ASCII 0 Keyboard 0 Movement Mouse Keybinds 0 Fullscreen 1 Font 24/Smallcaps Map View 76x50 Zoom Use 0% Tactical HUD 0 Map Filters NONE Filters NONE Steam 1 RUN: 36e400ac-7653-4d09-8743-0539346870ab